 Dungeon Crawl Stone Soup version 0.27-a0-1202-ge72e491 (webtiles) character file.

Game seed: 14619248004332423918

147 Meow the Sneak (level 5, -3/42 HPs)
             Began as a Naga Venom Mage on June 1, 2021.
             Splashed by a jelly's acid (6 damage)
             ... on level 4 of the Dungeon.
             The game lasted 00:09:13 (3033 turns).

Meow the Sneak (Naga Venom Mage)                    Turns: 3033, Time: 00:09:14

Health: -3/42      AC: -2    Str: 10    XL:     5   Next: 29%
Magic:  3/9        EV:  9    Int: 17    God:
Gold:   145        SH:  0    Dex: 11    Spells: 3/10 levels left

rFire    . . .     SeeInvis +   a - +0 quarterstaff
rCold    . . .     Faith    .   (shield currently unavailable)
rNeg     . . .     Spirit   .   v - +1 animal skin
rPois    +         Reflect  .   u - +1 helmet
rElec    .         Harm     .   (no cloak)
rCorr    .         Rampage  .   (no gloves)
Will     .....                  (no barding)
Stlth    +++.......             (no amulet)
HPRegen  0.14/turn              i - +4 ring of slaying
MPRegen  0.11/turn              (no ring)

@: corroded, very slightly contaminated, very slow
A: AC +1, large, see invisible, deformed body, poison resistance, slowness 2,
spit poison 1, naga tail 1
a: Spit Poison


You were on level 4 of the Dungeon.
You visited 1 branch of the dungeon, and saw 4 of its levels.

You collected 145 gold pieces.

Inventory:

Hand Weapons
 a - a +0 quarterstaff (weapon)
 f - a +0 dagger
 j - a +0 hunting sling
 o - a +1 whip of freezing
 q - a +0 hunting sling
Missiles
 b - 47 arrows
 n - 73 stones (quivered)
Armour
 u - a +1 helmet (worn)
 v - a +1 animal skin (worn)
Jewellery
 i - a +4 ring of slaying (left hand)
Wands
 c - a wand of polymorph (11)
Scrolls
 h - a scroll of fear
 l - 2 scrolls of teleportation
 p - 2 scrolls of enchant weapon {unknown}
 s - a scroll of fog {unknown}
Potions
 d - 2 potions of curing
 e - 2 potions of attraction
 g - a potion of lignification
 k - a potion of flight
 r - a potion of magic
 t - a potion of heal wounds {unknown}


   Skills:
 - Level 1.5 Dodging
 + Level 5.2 Stealth
 + Level 3.3 Spellcasting
 + Level 2.5 Conjurations
 - Level 1.0 Transmutations
 - Level 4.0 Poison Magic


You had 3 spell levels left.
You knew the following spells:

 Your Spells              Type           Power      Damage    Failure   Level
a - Sting                 Tmut/Pois      44%        1d5       6%          1
c - Mephitic Cloud        Conj/Pois/Air  10%        N/A       21%         3
C - Ignite Poison         Fire/Tmut/Pois 8%         N/A       26%         3

Your spell library contained the following spells:

 Spells                   Type           Power      Damage    Failure   Level
 Poisonous Vapours        Pois/Air       18%        N/A       11%         2
 Olgreb's Toxic Radiance  Pois           16%        N/A       32%         4


Dungeon Overview and Level Annotations

Branches:
Dungeon (4/15)
 Temple: D:4-7

Altars:


Innate Abilities, Weirdness & Mutations

Your serpentine skin is tough. (AC +1)
You have supernaturally acute eyesight. (SInv)
Armour fits poorly on your strangely shaped body.
Your system is resistant to poisons. (rPois)
You cover ground very slowly.
You can spit poison.
You have a snake-like lower body.


Message History

Press: ? - help, Shift-Dir - straight line, f/p - jelly
Aim: a jelly (lightly wounded, not susceptible)
The ball explodes into a vile cloud!
The stinking cloud engulfs the jelly but does no damage.
The jelly is lightly wounded.
The stinking cloud engulfs you but does no damage.
The jelly hits you but does no damage.
Unknown command.
Casting: Mephitic Cloud (quite dangerous; 21% risk of failure)
Confirm with . or Enter, or press ? or * to list all spells.
The spell is quite dangerous to cast (26% risk of failure)!
Continue anyway?
Okay, then.
Casting: Ignite Poison (quite dangerous; 26% risk of failure)
Confirm with . or Enter, or press ? or * to list all spells.
The spell is quite dangerous to cast (26% risk of failure)!
Continue anyway?
You miscast Ignite Poison.
You are very lightly contaminated with residual magic.
The air around you burns with energy! The jelly hits you but does no damage.
Unknown command.
Unknown command.
You sock the jelly! The acid corrodes you!
Your hands burn!
The jelly is severely wounded.
The jelly hits you.
You are splashed with acid!
Unknown command.
Unknown command.
You hit the jelly. The acid corrodes you!
Your hands burn!
The jelly is almost dead.
The jelly barely misses you. The jelly hits you.
You are splashed with acid!
* * * LOW HITPOINT WARNING * * *
Unknown command.
Unknown command.
Okay, then.
Unknown command.
You hit the jelly but do no damage.
Your hands burn!
* * * LOW HITPOINT WARNING * * *
The jelly is almost dead.
The jelly hits you.
* * * LOW HITPOINT WARNING * * *
You are splashed with acid.
You die...

###..s ####.##
...#. ..##.#
#... #.##.#
##...##.##.#
#.#.....#.##.#
..........##.#
#.#.....#s##.#
##...##J##.#
........@##.#
###...##.##.#
######.##.#
#....<....#
#.####.####
#.# #.# #.#
#.#


You could see a scorpion and a jelly.

Vanquished Creatures
  Robin (D:3)
  4 adders
  A worm (D:2)
  2 dart slugs
  5 orcs (D:3)
  3 endoplasms
  3 giant cockroaches
  13 goblins (D:3)
  5 hobgoblins
  6 jackals
  8 kobolds
  5 quokkas
  5 ball pythons
  4 bats
  14 frilled lizards
  8 rats
87 creatures vanquished.

Vanquished Creatures (others)
  5 plants (D:2)
5 creatures vanquished.

Grand Total: 92 creatures vanquished

Notes
Turn   | Place    | Note
-------+----------+-------------------------------------------
     0 | D:1      | Meow the Naga Venom Mage began the quest for the Orb.
     0 | D:1      | Reached XP level 1. HP: 15/15 MP: 3/3
   280 | D:1      | Reached XP level 2. HP: 13/22 MP: 1/5
   503 | D:1      | Reached skill level 1 in Conjurations
   823 | D:1      | Reached XP level 3. HP: 28/28 MP: 6/6
   827 | D:1      | Learned a level 3 spell: Mephitic Cloud
  1058 | D:1      | Learned a level 3 spell: Ignite Poison
  1165 | D:2      | Reached skill level 4 in Stealth
  1450 | D:2      | Reached XP level 4. HP: 36/36 MP: 4/8
  2596 | D:3      | Noticed Robin
  2601 | D:3      | Killed Robin
  2602 | D:3      | Reached skill level 5 in Stealth
  2602 | D:3      | Reached XP level 5. HP: 30/42 MP: 5/9
  3033 | D:4      | Splashed by a jelly's acid

Illustrated notes

Levels and vault maps discovered:
D:1:      dpeg_arrival_orchard, layout_loops_ring
D:2:      cheibrodos_old_hovel, layout_loops_ring, minmay_misc_feat_x,
          minmay_lizard_pond
D:3:      layout_loops_corners, uniq_robin
D:4:      layout_loops_ring, kennysheep_cross_bottleneck

Skill      XL: |  1  2  3  4 |
---------------+-------------+-----
Conjurations   | 1 2 |  2.5
Stealth        | 4 5 |  5.2
Spellcasting   | 3 |  3.3
Dodging        | |  1.5
Transmutations | |  1.0
Poison Magic   | |  4.0

Action                   |  1- 3 |  4- 6 || total
-------------------------+-------+-------++-------
Melee: Quarterstaff      |    19 |    22 ||    41
Throw: Stone             |       |     3 ||     3
 Cast: Sting             |    30 |    26 ||    56
       Mephitic Cloud    |       |     1 ||     1
 Abil: Spit Poison       |    43 |    39 ||    82
  Use: Potion            |       |     3 ||     3
       Scroll            |       |     4 ||     4
Armor: Robe              |     7 |     5 ||    12
       Animal skin       |       |     3 ||     3
Dodge: Dodged            |    16 |    15 ||    31

Table legend: (Time is in decaauts)
 A = Elapsed time spent in this place.
 B = Non-inter-level travel time spent in this place.
 C = Inter-level travel time spent in this place.
 D = Time resting spent in this place.
 E = Time spent auto-exploring this place.
 F = Levels seen in this place.
 G = Mean time per level.
                   A        B        C        D        E       F      G
               +--------+--------+--------+--------+--------+-----+--------+
         Total |   3953 |   3899 |     54 |    443 |   2691 |   4 |  988.2 |
       Dungeon |   3953 |   3899 |     54 |    443 |   2691 |   4 |  988.2 |
               +--------+--------+--------+--------+--------+-----+--------+

Top non-repeatable levels by time:
     D:1: 1428 daAuts
     D:3: 1325 daAuts
     D:2: 1065 daAuts
     D:4: 133 daAuts
